 Dungeon Crawl Stone Soup version 0.28.0-53-g5a82cb258f (webtiles) character file.

Game seed: 13593702718983568004

102 gobodom the Grave Robber (level 4, -9/30 HPs)
             Began as a Demonspawn Necromancer on June 20, 2022.
             Killed from afar by Blork the orc (12 damage)
             ... with a puff of frost
             ... on level 4 of the Dungeon.
             The game lasted 00:13:29 (3914 turns).

gobodom the Grave Robber (Demonspawn Necromancer)   Turns: 3914, Time: 00:13:30

Health: -9/30      AC:  4    Str: 10    XL:     4   Next: 50%
Magic:  6/9        EV: 12    Int: 23    God:
Gold:   148        SH:  0    Dex: 13    Spells: 8/9 levels left

rFire   . . .      SeeInvis .   f - +1 dagger
rCold   . . .      Faith    .   (no shield)
rNeg    . . .      Spirit   .   a - +0 robe
rPois   .          Reflect  .   (helmet restricted)
rElec   .          Harm     .   (no cloak)
rCorr   .          Rampage  .   (no gloves)
Will    .....                   (no boots)
Stlth   ++........              (no amulet)
HPRegen 0.10/turn               d - +6 ring of intelligence
MPRegen 0.11/turn               (no ring)

@: mighty, very slightly contaminated
A: horns 1, yellow scales 1
a: no special abilities


You were on level 4 of the Dungeon.
You visited 2 branches of the dungeon, and saw 5 of its levels.

You collected 148 gold pieces.

Inventory:

Hand Weapons
 f - a +1 dagger (weapon)
 q - a +0 longbow
 v - a +0 arbalest
Missiles
 e - 4 boomerangs
 g - 141 stones
 j - 49 bolts
 k - 77 arrows
 t - 8 poisoned darts
Armour
 a - a +0 robe (worn)
 b - a +2 pair of boots
Jewellery
 d - a +6 ring of intelligence (left hand)
 s - a ring of ice
Wands
 m - a wand of polymorph (3)
Potions
 h - a potion of cancellation
 i - 2 potions of brilliance {unknown}
 n - a potion of curing
 p - a potion of mutation
 r - a potion of invisibility {unknown}


   Skills:
 + Level 0.2 Short Blades
 + Level 1.8 Dodging
 + Level 2.1 Stealth
 + Level 3.4 Spellcasting
 + Level 5.2 Necromancy


You had 8 spell levels left.
You knew the following spells:

 Your Spells              Type           Power      Damage    Failure   Level
a - Pain                  Necr           100%       1d9       1%          1

Your spell library contained the following spells:

 Spells                   Type           Power      Damage    Failure   Level
 Animate Skeleton         Necr           56%        N/A       1%          1
 Vampiric Draining        Necr           28%        2d8       3%          3
 Sting                    Tmut/Pois      12%        1d3       11%         1
 Summon Small Mammal      Summ           12%        N/A       11%         1
 Animate Dead             Necr           14%        N/A       13%         4
 Agony                    Necr           28%        N/A       34%         5


Dungeon Overview and Level Annotations

Branches:
Dungeon (4/15)             Temple (1/1) D:4

Altars:
Fedhas
Gozag
Hepliaklqana
Kikubaaqudgha
Nemelex Xobeh
Qazlal
Ru
Sif Muna
Xom
Yredelemnul

Annotations:
D:4 Blork the orc


Innate Abilities, Weirdness & Mutations

You have a pair of small horns on your head.
You are partially covered in yellow scales. (AC +2)


Message History

Aiming: Pain (safe; 1% risk of failure)
Press: ? - help, Shift-Dir - straight line, f - Blork the orc
Aim: Blork the orc, wielding a +2 vorpal hand axe and wearing a +0 robe (fast, chance to affect: 83%) Blork the orc barely resists.
A scorpion comes into view.
Blork the orc miscasts a cantrip.
Blork the orc hits you with a +2 vorpal hand axe!
Blork the orc barely misses you.
Casting: Pain (safe; 1% risk of failure)
Confirm with . or Enter, or press ? or * to list all spells.
Aiming: Pain (safe; 1% risk of failure)
Press: ? - help, Shift-Dir - straight line, f/p - Blork the orc
Aim: Blork the orc, wielding a +2 vorpal hand axe and wearing a +0 robe (fast, chance to affect: 83%) Blork the orc writhes in agony.
Blork the orc hits you with a +2 vorpal hand axe.
Casting: Pain (safe; 1% risk of failure)
Confirm with . or Enter, or press ? or * to list all spells.
Aiming: Pain (safe; 1% risk of failure)
Press: ? - help, Shift-Dir - straight line, f/p - Blork the orc
Aim: Blork the orc, wielding a +2 vorpal hand axe and wearing a +0 robe (lightly wounded, fast, chance to affect: 83%)
You miscast Pain.
You are very lightly contaminated with residual magic.
Nothing appears to happen.
Blork the orc hits you with a +2 vorpal hand axe.
* * * LOW HITPOINT WARNING * * *
Blork the orc closely misses you.
You feel very mighty all of a sudden.
Blork the orc hits you with a +2 vorpal hand axe.
* * * LOW HITPOINT WARNING * * *
x2
Casting: Pain (safe; 1% risk of failure)
Confirm with . or Enter, or press ? or * to list all spells.
Aiming: Pain (safe; 1% risk of failure)
Press: ? - help, Shift-Dir - straight line, f/p - Blork the orc
Aim: Blork the orc, wielding a +2 vorpal hand axe and wearing a +0 robe (lightly wounded, fast, chance to affect: 83%) Blork the orc writhes in agony!
Blork the orc misses you. x2
You puncture Blork the orc! You headbutt Blork the orc!
Blork the orc is almost dead.
Blork the orc points at you and mumbles some strange words.
The puff of frost hits you!
You die...

............# ###.### #####****
.........#..# #.# **,,,*,
............######.##### **,,,,,,
.....##................# *,,,,,,,
........########..####.# *,,,,,,,
......#..#####....####.# *,,,,,,,
...####*..........).##.####...,,,
..####*,.#.....#..#...........,*,
.....#*,,#.....#@.#........###***
####.....##...##o###...##....#**
*##....#...#.s#,#..........,*
**...##.##.##,##...######**
*,...#(#..#,,,#...#
*,,..###.##,,,##..#
*,,,.,#..#,,,,,#..#
**,,,,#..#,,,,,*,,*
****.....,,,,,,,,*


You could see Blork the orc (fast) and a scorpion.

Vanquished Creatures
  A hound (D:4)
  An orc wizard (D:4)
  2 dart slugs
  An endoplasm (D:4)
  A giant cockroach (D:1)
  7 goblins
  4 hobgoblins
  2 quokkas
  A ball python (D:1)
  6 bats
  3 frilled lizards (D:1)
  8 kobolds
  5 rats
42 creatures vanquished.

Notes
Turn   | Place    | Note
-------+----------+-------------------------------------------
     0 | D:1      | gobodom the Demonspawn Necromancer began the quest for the
                  | Orb.
     0 | D:1      | Reached XP level 1. HP: 13/13 MP: 3/3
   652 | D:1      | Gained mutation: You have a pair of small horns on your
                  | head. [demonic ancestry]
   652 | D:1      | Reached XP level 2. HP: 17/19 MP: 3/5
   911 | D:1      | Found a faded altar of an unknown god.
  2076 | D:2      | Reached skill level 5 in Necromancy
  2162 | D:2      | Reached XP level 3. HP: 21/24 MP: 2/6
  3405 | D:4      | Found a staircase to the Ecumenical Temple.
  3410 | Temple   | Entered the Ecumenical Temple
  3722 | D:4      | Found a shimmering blue altar of Sif Muna.
  3727 | D:4      | Gained mutation: You are partially covered in yellow
                  | scales. (AC +2) [demonic ancestry]
  3727 | D:4      | Reached XP level 4. HP: 27/30 MP: 4/8
  3732 | D:4      | Got Sif Muna's Volume of Transformation and Calling
  3902 | D:4      | Noticed Blork the orc
  3903 | D:4      | Noticed a scorpion
  3914 | D:4      | Killed from afar by Blork the orc

Illustrated notes

Levels and vault maps discovered:
D:1:      nicolae_arrival_washed_ashore, layout_basic,
          chequers_ecumenical_altar_grove
D:2:      layout_basic
D:3:      layout_basic
D:4:      layout_rooms, nzn_overflow_gifts_of_might_and_magic, temple_doors_e,
          minmay_unequal, uniq_blork_the_orc
Temple:   dpeg_three_leaves_temple

Skill      XL: |  1  2  3 |
---------------+----------+-----
Stealth        | 2 |  2.1
Necromancy     | 5 |  5.2
Spellcasting   | 3 |  3.4
Short Blades   | |  0.2
Dodging        | |  1.8

Action                   |  1- 3 |  4- 6 || total
-------------------------+-------+-------++-------
Melee: Dagger            |    39 |     1 ||    40
       Headbutt          |     4 |     1 ||     5
 Cast: Pain              |    64 |     9 ||    73
Evoke: Wand              |     1 |       ||     1
  Use: Scroll            |     8 |       ||     8
       Potion            |       |     1 ||     1
Armor: Robe              |    10 |     3 ||    13
Dodge: Dodged            |    35 |    10 ||    45
